 Dungeon Crawl Stone Soup version 0.32-a0-468-g38b2580 (webtiles) character file.

Game seed: 17161053967910172042

562870 sdynet the Bringer of Blasphemy (level 25, -26/321 HPs)
             Began as a Demonspawn Gladiator on Feb 24, 2024.
             Was the Champion of Yredelemnul.
             Annihilated by a reaper
             ... wielding a +4 antimagic scythe
              (35 damage)
             ... in the Vestibule of Hell.
             The game lasted 03:44:25 (43428 turns).

sdynet the Bringer of Blasphemy (DsGl)             Turns: 43428, Time: 03:44:25

Health: -26/321    AC: 19    Str: 23    XL:     25   Next: 10%
Magic:  0/45       EV: 13    Int: 18    God:    Yredelemnul [******]
Gold:   4212       SH: 34    Dex: 24    Spells: 21/24 levels left

rFire   + . .        a - +9 broad axe (heavy)
rCold   + . .        s - +7 tower shield {AC+3}
rNeg    + + .        R - +5 moon troll leather armour {Spirit, Regen++ MP+5}
rPois   +            (helmet unavailable)
rElec   +            u - scarf {rC+ rF+}
rCorr   .            h - +2 pair of gloves
SInv    +            F - +2 pair of boots {Stlth+}
Will    +++..        e - necklace of Bloodlust {Fury *Rage Will++ Int-3 Slay+6} Stlth
                     X - ring "Lupua" {rElec rPois rN+ Will- Dex+4}
HPRegen 2.33/turn    q - ring "Orphuy" {rN+ Will+ Int+6}
MPRegen 0.29/turn

%: random rage (53%), guardian spirit, wizardry (x1)
@: berserking (expiring), marked, hasted (expiring), wreathed by umbra, studying
2 skills, very quick
A: antennae 3, foul stench 3, spiny 3, big brain 3, corrupting presence 2, large
bone plates 1, thin skeletal structure 1, berserk 1, deformed body
}: 3/15 runes: decaying, serpentine, silver
a: Renounce Religion, Light the Black Torch, Recall Undead Harvest, Hurl
Torchlight, Bind Soul, Fathomless Shackles


You were in the Vestibule of Hell.
You worshipped Yredelemnul.
Yredelemnul was extremely pleased with you.
You visited 10 branches of the dungeon, and saw 44 of its levels.
You visited 1 bazaar.
You also visited: Bailey, Gauntlet and Ice Cave.

You collected 6968 gold pieces.
You spent 2756 gold pieces at shops.

Inventory:

Hand Weapons
 a - a +9 heavy broad axe (weapon)
 b - a +2 broad axe of flaming
Missiles
 c - 6 throwing nets (quivered)
 m - 9 javelins
 v - 6 darts of dispersal
 w - 5 silver javelins
 Y - 2 curare-tipped darts
Armour
 h - a +2 pair of gloves (worn)
 s - a +7 tower shield of protection (worn)
 u - a scarf of resistance (worn)
 F - a +2 pair of boots of stealth (worn)
 R - the +5 moon troll leather armour (worn) {Spirit, Regen++ MP+5}
   (You took it off a deep elf sorcerer on level 3 of the Elven Halls)

   MP+5:      It affects your magic capacity (+5).
   Regen++:   It increases your rate of health regeneration.
Jewellery
 e - the necklace of Bloodlust (around neck) {Fury *Rage Will++ Int-3 Slay+6}
   (You bought it in a shop on level 2 of the Snake Pit)

   [amulet of nothing]

   Fury:      It extends the wearer's berserk rage when killing foes.
   Int-3:     It affects your intelligence (-3).
   Slay+6:    It affects your accuracy & damage with ranged weapons and melee
   (+6).
   Will++:    It greatly increases your willpower.
   *Rage:     It berserks you when you make melee attacks (+50% chance).
 q - the ring "Orphuy" (right hand) {rN+ Will+ Int+6}
   (You found it on level 3 of the Elven Halls)

   [ring of intelligence]

   Int+6:     It affects your intelligence (+6).
   rN+:       It protects you from negative energy.
   Will+:     It increases your willpower.
 z - the ring "Woruf" {rElec rC+ rCorr Dex+6}
   (You bought it in a shop on level 2 of the Snake Pit)

   [ring of dexterity]

   Dex+6:     It affects your dexterity (+6).
   rC+:       It protects you from cold.
   rElec:     It insulates you from electricity.
   rCorr:     It protects you from acid and corrosion.
 K - the ring of Zatsoazu {+Blink rPois rC- rN++ Int+6}
   (You took it off a deep elf blademaster on level 3 of the Elven Halls)

   [ring of intelligence]

   Int+6:     It affects your intelligence (+6).
   rC-:       It makes you vulnerable to cold.
   rPois:     It protects you from poison rN++: It greatly protects you from
   negative energy.
   +Blink:    It lets you blink.
 S - a ring of flight
 X - the ring "Lupua" (left hand) {rElec rPois rN+ Will- Dex+4}
   (You took it off a deep elf sorcerer on level 3 of the Elven Halls)

   [ring of poison resistance]

   Dex+4:     It affects your dexterity (+4).
   rElec:     It insulates you from electricity.
   rPois:     It protects you from poison rN+: It protects you from negative
   energy.
   Will-:     It decreases your willpower.
Wands
 N - a wand of acid (27)
 P - a wand of digging (14)
 V - a wand of iceblast (15)
 W - a wand of flame (69)
Scrolls
 d - 4 scrolls of revelation {!r}
 i - 15 scrolls of teleportation {!r}
 k - 6 scrolls of blinking
 l - 2 scrolls of enchant armour
 o - 6 scrolls of fear {!r}
 p - 4 scrolls of butterflies
 r - a scroll of enchant weapon
 y - 2 scrolls of silence {!r}
 C - 5 scrolls of fog {!r}
 E - 2 scrolls of poison
 M - 7 scrolls of immolation
Potions
 f - 3 potions of enlightenment {!q!q}
 g - 6 potions of attraction
 j - 6 potions of ambrosia {!q}
 n - 7 potions of lignification {!q}
 t - 5 potions of cancellation {!q}
 A - a potion of magic {!q}
 D - a potion of resistance {!q}
 G - 6 potions of might {!q}
 H - 13 potions of heal wounds {!q}
 I - 3 potions of mutation
 J - 8 potions of haste {!q}
 L - 13 potions of curing {!q}
 O - a potion of berserk rage {!q}
Miscellaneous
 x - a condenser vane (inert)
 B - a phantom mirror
 Q - a sack of spiders
 T - a phial of floods


   Skills:
 - Level 21.0 Fighting
 - Level 18.0 Axes
 - Level 1.7 Throwing
 - Level 19.5 Armour
 - Level 4.0 Dodging
 - Level 3.0 Stealth
 - Level 17.2 Shields
 - Level 2.6 Unarmed Combat
 + Level 26.4 Invocations
 - Level 1.0 Evocations


You had 21 spell levels left.
You knew the following spells:

 Your Spells              Type           Power      Damage    Failure   Level
q - Blink                 Tloc           0%         N/A       28%         2
A - Apportation           Tloc           0%         N/A       21%         1

Your spell library contained the following spells:

 Spells                   Type           Power      Damage    Failure   Level
 Freeze                   Ice            0%         1d3       21%         1
 Kiss of Death            Conj/Necr      0%         2d5       21%         1
 Magic Dart               Conj           0%         1d3       21%         1
 Necrotise                Necr           0%         1d4       21%         1
 Sandblast                Erth           0%         2d4       21%         1
 Shock                    Conj/Air       0%         1d3       21%         1
 Sting                    Conj/Alch      0%         1d3       21%         1
 Summon Small Mammal      Summ           0%         N/A       21%         1
 Call Imp                 Summ           0%         N/A       28%         2
 Ensorcelled Hibernation  Hex/Ice        0%         N/A       28%         2
 Jinxbite                 Hex            0%         N/A       28%         2
 Lesser Beckoning         Tloc           0%         N/A       28%         2
 Mercury Vapours          Alch/Air       0%         N/A       28%         2
 Momentum Strike          Conj/Tloc      0%         3d8       28%         2
 Searing Ray              Conj           0%         2d4       28%         2
 Static Discharge         Conj/Air       0%         3-3/arc   28%         2
 Sublimation of Blood     Necr           0%         N/A       28%         2
 Call Canine Familiar     Summ           0%         N/A       50%         3
 Confusing Touch          Hex            0%         N/A       50%         3
 Dazzling Flash           Conj/Hex       0%         N/A       50%         3
 Frozen Ramparts          Ice            0%         1d1       50%         3
 Gell's Gravitas          Tloc           0%         N/A       50%         3
 Hailstorm                Conj/Ice       0%         3d5       50%         3
 Inner Flame              Hex/Fire       0%         N/A       50%         3
 Mephitic Cloud           Conj/Alch/Air  0%         N/A       50%         3
 Passwall                 Erth           0%         N/A       50%         3
 Sigil of Binding         Hex            0%         N/A       50%         3
 Stone Arrow              Conj/Erth      0%         3d7       50%         3
 Summon Ice Beast         Ice/Summ       0%         N/A       50%         3
 Swiftness                Air            0%         N/A       50%         3
 Teleport Other           Tloc           0%         N/A       50%         3
 Tukima's Dance           Hex            0%         N/A       50%         3
 Vampiric Draining        Necr           0%         2d6       50%         3
 Volatile Blastmotes      Fire/Tloc      0%         2d10      50%         3
 Airstrike                Air            0%         2d(0-16)  86%         4
 Brom's Barrelling Bould  Conj/Erth      0%         2d3       86%         4
 Dimensional Bullseye     Hex/Tloc       0%         N/A       86%         4
 Dispel Undead            Necr           0%         3d6       86%         4
 Fulminant Prism          Conj/Alch      0%         3d5       86%         4
 Iskenderun's Mystic Bla  Conj/Tloc      0%         2d3       86%         4
 Leda's Liquefaction      Alch/Erth      0%         N/A       86%         4
 Manifold Assault         Tloc           0%         N/A       86%         4
 Martyr's Knell           Necr/Summ      0%         N/A       86%         4
 Olgreb's Toxic Radiance  Alch           0%         N/A       86%         4
 Passage of Golubria      Tloc           0%         N/A       86%         4
 Petrify                  Alch/Erth      0%         N/A       86%         4
 Summon Lightning Spire   Summ/Air       0%         N/A       86%         4
 Alistair's Intoxication  Alch           0%         N/A       99%         5
 Borgnjor's Vile Clutch   Necr/Erth      0%         N/A       99%         5
 Curse of Agony           Necr           0%         N/A       99%         5
 Fireball                 Conj/Fire      0%         3d3       99%         5
 Freezing Cloud           Conj/Ice/Air   0%         6-21      99%         5
 Irradiate                Conj/Alch      0%         3d11      99%         5
 Iskenderun's Battlesphe  Conj           0%         2d6       99%         5
 Lee's Rapid Deconstruct  Erth           0%         3d4*      99%         5
 Silence                  Hex/Air        0%         N/A       99%         5
 Summon Forest            Summ/Tloc      0%         N/A       99%         5
 Summon Mana Viper        Hex/Summ       0%         N/A       99%         5
 Yara's Violent Unravell  Hex/Alch       0%         3d3       99%         5
 Bombard                  Conj/Erth      0%         9d1       100%        6
 Conjure Ball Lightning   Conj/Air       0%         3x3d6     100%        6
 Dispersal                Tloc           0%         N/A       100%        6
 Sculpt Simulacrum        Ice/Alch       0%         N/A       100%        6
 Starburst                Conj/Fire      0%         6d3       100%        6
 Haunt                    Necr/Summ      0%         N/A       100%        7
 Monstrous Menagerie      Summ           0%         N/A       100%        7
 Orb of Destruction       Conj           0%         9d5       100%        7
 Ozocubu's Refrigeration  Ice            0%         4d7       100%        7
 Borgnjor's Revivificati  Necr           0%         N/A       100%        8
 Discord                  Hex            0%         N/A       100%        8
 Disjunction              Tloc           0%         N/A       100%        8
 Ignition                 Fire           0%         3d3       100%        8
 Maxwell's Capacitive Co  Air            0%         ∞         100%        8
 Death's Door             Necr           0%         N/A       100%        9
 Dragon's Call            Summ           0%         N/A       100%        9
 Polar Vortex             Ice            0%         N/A       100%        9
 Animate Dead             Necr           Unusable   N/A       N/A         4
 Death Channel            Necr           Unusable   N/A       N/A         6

Dungeon Overview and Level Annotations

Branches:
Dungeon (15/15)            Temple (1/1) D:5            Lair (5/5) D:10
  Swamp (4/4) Lair:3        Snake (4/4) Lair:3        Slime (0/5) Lair:4
    Orc (2/2) D:11            Elf (3/3) Orc:2        Vaults (5/5) D:13
  Crypt (0/3) Vaults:2     Depths (4/4) D:15           Hell (1/1)
    Zot (0/5) Depths:4     Bailey (visited)           IceCv (visited)
Gauntlet (visited)
    Dis: Hell:1         Geh: Hell:1         Coc: Hell:1         Tar: Hell:1

Altars:
Ashenzari
Cheibriados
Dithmenos
Fedhas
Gozag
Hepliaklqana
Kikubaaqudgha
Makhleb
Nemelex Xobeh
Okawaru
Qazlal
Ru
Sif Muna
Trog
Uskayaw
Vehumet
Wu Jian
Xom
Yredelemnul
Beogh
Jiyva
Lugonu

Shops:
D:1 [   D:7 *   D:9 [   Orc:1 (   Orc:2 *[:(   Snake:2 :==   Depths:1 *[
Depths:3 *

Portals:
Hell: Depths:1 Depths:2 Depths:3 Depths:4
Abyss: Depths:3
Pandemonium: Depths:2 Depths:3
Ziggurat: Depths:1

Annotations:
D:4 4 transporters, Agrajag's ghost, amateur MDEE
D:7 1 exclusion


Innate Abilities, Weirdness & Mutations

You have a pair of large antennae on your head. (SInv)
You frequently emit foul miasma when damaged in melee.
You are completely covered in sharp spines.
You have an absolutely massive brain. (Int +6, Wiz)
Your presence sometimes corrodes or deforms those you injure.
You are partially covered in large bone plates. (SH +4)
You have a somewhat thin skeletal structure. (Dex +2, Stealth+)
You sometimes lose your temper in combat.
Armour fits poorly on your strangely shaped body.


Message History

Your spectral wendigo bites the putrid mouth.
Your spectral soul eater hits the reaper.
You block the iron dragon's attack. x3
The putrid mouth barely misses your spectral wendigo.
The putrid mouth closely misses your spectral wendigo.
The searing wretch claws you!!!
* * * LOW HITPOINT WARNING * * *
You are engulfed in flames!
You resist.
* * * LOW HITPOINT WARNING * * *
You block the searing wretch's attack.
Your spectral blizzard demon hits the reaper but does no damage. x2
The reaper hits you with a +4 antimagic scythe!!
* * * LOW HITPOINT WARNING * * *
The reaper drags you backwards!
You feel your power leaking away.
Your hell beast barely misses the putrid mouth. x2
Geryon barely misses the iron dragon.
Your hell beast bites the searing wretch!!
Your hell beast tramples the searing wretch!
The searing wretch stumbles backwards!
You see here a +1 lajatang of speed.
You slice the sun demon!!
The necklace of Bloodlust glows a violent red.
You kill the sun demon!
Their soul becomes fuel for the torch.
You slice the reaper!!
Your spectral wendigo claws the putrid mouth!!
The putrid mouth is destroyed!
Your hell beast bites the iron dragon!
Your hell beast tramples the iron dragon but does no damage.
Your spectral rust devil hits the fire vortex.
Your hell beast bites the iron dragon but does no damage.
Your hell beast tramples the iron dragon but does no damage.
The iron dragon bites your hell beast.
The iron dragon barely misses your hell beast.
The iron dragon misses your hell beast.
Your hell beast bites the iron dragon!
Your hell beast tramples the iron dragon but does no damage.
The reaper hits you with a +4 antimagic scythe!!!
You die...
Your body rises from the dead as a mindless zombie.

..................
...................
.........∩.........
...∩.............∩.
...........v.......
...................
.........).........
.........2Z.n.Z....
........)Z@2D......
........v.Z2Z2.....
.........Z∩........
...........°.......
...vv..............
..................
.................
................
....#...#......


You could see a searing wretch (distracted, ally target), an iron dragon
(distracted, ally target), a reaper (ally target), 4 fire vortices, 3 friendly
hell beasts, a friendly spectral soul eater, 2 friendly spectral rust devils, a
friendly spectral blizzard demon, a friendly spectral wendigo and the friendly
Geryon the bound soul.

Vanquished Creatures
  2 dread liches
  Saint Roka (Snake:3)
  Vashnia (Snake:3)
  Nikola (Depths:1)
  3 golden dragons (Vaults:5)
  3 tentacled monstrosities
  A deep elf blademaster (Elf:2)
  A lich (Depths:2)
  A quicksilver dragon (Vaults:5)
  Asterion (Snake:4)
  A deep elf master archer (Elf:3)
  3 searing wretches (Hell)
  3 titans (Vaults:5)
  7 sphinxes
  3 storm dragons
  6 tengu reavers
  2 fenstrider witches
  2 nagarajas
  A shadow dragon (Depths:4)
  The ghost of Zufifrir the Dwarven Catastrophe, a journeyman MDFi of Qazlal (Swamp:3)
  4 deep elf sorcerers
  10 fire giants
  The ghost of Zadaah the Zephyrmancer, an adept SpAE of Vehumet (Swamp:3)
  2 iron dragons
  A draconian shifter (Depths:4)
  A balrug (Hell)
  6 spectral caustic shrikes (Depths:2)
  17 vault wardens
  4 frost giants
  A curse skull (Vaults:2)
  4 deep elf elementalists (Elf:3)
  3 orc warlords
  A spriggan defender (Depths:4)
  3 reapers
  3 very ugly things
  8 ironbound thunderhulks
  A vampire knight (Depths:2)
  8 stone giants
  A green draconian (Depths:4)
  16 ironbound preservers
  3 deep elf annihilators
  2 eleionomae
  6 deep elf death magi
  A purple draconian (Depths:4)
  5 war gargoyles
  5 deep elf demonologists
  A yellow draconian (Depths:4)
  4 spark wasps (Depths:3)
  8 ettins
  2 blizzard demons (Hell)
  3 fire dragons
  11 yaktaur captains
  A quicksilver dragon zombie (D:15)
  3 deep elf high priests
  6 hydras
  26 vault guards
  An entropy weaver (Vaults:2)
  5 great orbs of eyes
  2 caustic shrike simulacra (IceCv)
  Harold (D:10)
  A rakshasa (Depths:2)
  4 salamander tyrants
  11 centaur warriors
  3 spriggan air magi (Depths:2)
  A jorogumo (Depths:2)
  2 anacondas
  A juggernaut simulacrum (Depths:1)
  4 ironbound frosthearts
  4 ice dragons
  An alligator (Swamp:2)
  2 ogre magi
  10 dancing weapons
  A stoker (Hell)
  2 boulder beetles
  4 tengu warriors
  A death knight (D:15)
  4 two-headed ogres
  10 naga warriors
  A deep troll shaman (Depths:2)
  A death yak (Lair:5)
  5 deep troll earth magi
  2 hell hogs (Depths:1)
  A vampire mage (D:15)
  5 spriggan berserkers
  3 shock serpents
  A storm dragon zombie (D:15)
  11 naga sharpshooters
  2 soul eaters
  4 sun demons (Hell)
  2 skysharks (Vaults:4)
  2 iron trolls
  12 deep elf knights
  9 spriggan riders
  A salamander mystic (Snake:4)
  7 skeletal warriors
  The ghost of blister the Fighter, a novice OnWr of Gozag (D:6)
  A spark wasp zombie (D:15)
  29 deep trolls
  4 spriggan druids
  A goliath frog (Swamp:3)
  8 arcanists
  4 mana vipers
  A spriggan simulacrum (IceCv)
  A sun moth (shapeshifter) (Vaults:5)
  10 deep elf archers
  A swamp dragon (Swamp:4)
  An orb spider (shapeshifter) (Vaults:5)
  A flayed ghost (Depths:3)
  5 harpies
  2 glowing orange brains
  4 naga ritualists
  3 bog bodies (IceCv)
  6 phantasmal warriors
  15 ironbound convokers
  3 necromancers
  6 lindwurms (Vaults:1)
  16 deep elf zephyrmancers
  10 orc knights
  24 deep elf pyromancers
  2 orc sorcerers (Orc:2)
  22 ugly things
  A shining eye (shapeshifter) (Vaults:3)
  A moth of wrath (Gauntlet)
  2 cyclopes
  A frost giant skeleton (Depths:1)
  10 salamanders
  A moth of wrath (shapeshifter) (Vaults:5)
  An ice statue (Snake:3)
  5 meliai
  9 naga magi
  5 rust devils (Hell)
  2 guardian serpents
  14 vault sentinels
  A titan simulacrum (Hell)
  12 black mambas
  A smoke demon (Depths:3)
  2 gargoyles
  6 cane toads
  2 unseen horrors
  A tormentor (Depths:2)
  3 efreet
  4 freezing wraiths
  A rime drake (Lair:5)
  35 yaktaurs
  5 komodo dragons
  2 tengu conjurers
  3 golden dragon simulacra (IceCv)
  2 trolls (D:11)
  2 tyrant leeches
  11 hornets
  Prince Ribbit (D:7)
  Grinder (D:5)
  2 polar bears (Lair:5)
  8 blink frogs
  A dream sheep (Lair:5)
  9 slime creatures
  An air elemental (Elf:3)
  2 shadows
  3 water elementals
  12 spriggans
  A naga simulacrum (Hell)
  4 wraiths
  2 fire elementals
  27 yaks
  4 wyverns
  A fire bat (Swamp:4)
  3 basilisks
  2 wargs
  A minotaur simulacrum (IceCv)
  A redback (Gauntlet)
  8 vampire mosquitoes
  Menkaure (D:7)
  24 nagas
  7 swamp worms
  6 water moccasins
  33 orc warriors
  2 black bears (Lair:5)
  3 hydra simulacra (IceCv)
  A sky beast (D:6)
  2 swamp drakes
  5 ice beasts
  An ettin simulacrum (IceCv)
  34 wolves
  12 ogres
  An ogre (shapeshifter) (D:13)
  5 boggarts
  A centaur (D:8)
  2 phantoms (D:4)
  A kobold brigand (D:9)
  6 bullfrogs
  2 scorpions
  A wight (D:9)
  5 killer bees
  A spectral ice beast (D:6)
  4 howler monkeys
  3 bombardier beetles
  2 electric eels (Snake:2)
  2 hounds
  4 jellies
  15 orc priests
  An iguana (D:7)
  A sleepcap (D:7)
  A boggart zombie (Vaults:1)
  26 orc wizards
  A scorpion zombie (D:6)
  7 hell rats
  2 bullfrog simulacra (D:6)
  2 centaur simulacra (D:6)
  Robin (D:3)
  4 adders
  18 gnolls
  4 orc zombies (D:6)
  5 river rats (Lair:1)
  A white imp (D:5)
  3 ufetubi
  A jelly zombie (D:6)
  2 dart slugs
  68 orcs
  2 bats
  5 endoplasms
  A giant cockroach (D:1)
  29 goblins
  17 hobgoblins
  6 jackals
  5 quokkas
  6 ball pythons
  12 kobolds
  7 rats
  A spectral ufetubus (D:6)
  A spectral weapon (Snake:4)
1216 creatures vanquished.

Vanquished Creatures (collateral kills)
  Norris (Vaults:4)
  The ghost of Reaq the Warrior, an adept DjHu of Ashenzari (Swamp:3)
  A deep elf master archer (Elf:3)
  2 quicksilver dragons (Vaults:5)
  A titan (Vaults:3)
  A searing wretch (Hell)
  A deep elf blademaster (Elf:3)
  A storm dragon (Depths:4)
  2 shadow dragons (Vaults:5)
  Roxanne (Swamp:1)
  A tengu reaver (Vaults:3)
  3 nagarajas
  A fire giant (Depths:3)
  2 fenstrider witches
  The ghost of tlatlagkaus the Arsonist, a journeyman DrAl of Jiyva (Swamp:4)
  5 vault wardens
  A deep elf elementalist (Elf:3)
  6 deep elf sorcerers
  2 frost giants
  A draconian stormcaller (Depths:4)
  Louise (Elf:2)
  An orc warlord (Vaults:1)
  A reaper (IceCv)
  2 spriggan defenders (Depths:3)
  The ghost of Gehammu the Unseen, a journeyman KoBr of Okawaru (Swamp:3)
  An ironbound thunderhulk (Vaults:3)
  5 stone giants
  2 ironbound preservers
  5 very ugly things
  A deep elf demonologist (Elf:3)
  A putrid mouth (Hell)
  A wendigo (Hell)
  3 eleionomae
  5 deep elf annihilators
  A red draconian (Depths:4)
  The ghost of Vaohelu the Eclecticist, a journeyman DjFE of Jiyva (D:13)
  2 deep elf death magi (Elf:3)
  A minotaur (Gauntlet)
  2 yellow draconians (Depths:4)
  An ettin (Vaults:3)
  A merfolk javelineer (Depths:2)
  An entropy weaver (Vaults:3)
  2 shambling mangroves
  Josephine (Orc:1)
  3 vault guards (Vaults:4)
  6 yaktaur captains
  2 great orbs of eyes (Vaults:4)
  2 deep elf high priests
  4 fire dragons
  A quicksilver dragon skeleton (Depths:1)
  3 ice dragons
  4 spriggan air magi
  A two-headed ogre (D:11)
  17 hydras
  A salamander tyrant (Snake:4)
  An ironbound frostheart (Vaults:3)
  8 centaur warriors
  6 alligators
  A ghost crab (Swamp:3)
  4 anacondas
  2 catoblepae (Lair:3)
  16 dancing weapons
  A tengu warrior (Depths:2)
  10 naga warriors
  3 boulder beetles
  4 death yaks (Lair:5)
  A deep troll earth mage (D:13)
  A hell hog (Depths:1)
  14 naga sharpshooters
  4 shock serpents
  9 deep elf knights
  A soul eater (Depths:2)
  A skyshark (Lair:4)
  5 salamander mystics
  Lodul (D:10)
  An iron troll (Depths:3)
  5 skeletal warriors
  2 sea snakes (Snake:2)
  10 deep trolls
  A glowing orange brain (Depths:4)
  A spriggan rider (Swamp:3)
  6 mana vipers
  An orange crystal statue (Elf:1)
  An arcanist (Vaults:3)
  A spriggan druid (Swamp:2)
  4 naga ritualists
  A sun moth (shapeshifter) (D:13)
  2 obsidian statues (IceCv)
  12 lindwurms
  11 deep elf archers
  6 swamp dragons
  2 phantasmal warriors (Vaults:5)
  A bog body (Swamp:3)
  A harpy (Vaults:3)
  11 ironbound convokers
  An orc knight (Vaults:1)
  23 deep elf pyromancers
  13 deep elf zephyrmancers
  10 ugly things
  2 orc sorcerers (Orc:2)
  4 will-o-the-wisps (Swamp:4)
  3 manticores
  16 salamanders
  3 cyclopes
  8 naga magi
  2 meliai
  A centaur zombie (Vaults:4)
  4 vault sentinels
  17 black mambas
  4 cane toads
  2 rust devils (Hell)
  2 gargoyles
  Maggie (D:8)
  A cane toad (shapeshifter) (Vaults:5)
  An efreet (D:13)
  A kobold demonologist (D:9)
  3 freezing wraiths
  6 komodo dragons
  A tengu conjurer (Depths:1)
  9 yaktaurs
  5 tyrant leeches
  A tarantella (Vaults:3)
  12 hornets
  An alligator simulacrum (IceCv)
  5 blink frogs
  A centaur simulacrum (D:14)
  2 culicivoras (Vaults:3)
  3 water elementals
  5 slime creatures
  14 spriggans
  A shadow (D:13)
  7 wraiths
  A wyvern (D:8)
  2 fire elementals
  A basilisk (Lair:2)
  2 fire bats (Swamp:4)
  27 yaks
  A golden eye (shapeshifter) (Elf:1)
  A tyrant leech zombie (Swamp:4)
  2 redbacks (Gauntlet)
  3 vampire mosquitoes
  2 swamp worms
  An acid dragon (D:12)
  21 nagas
  10 water moccasins
  2 hydra simulacra (IceCv)
  6 swamp drakes
  2 ice beasts
  An elf zombie (Elf:2)
  An ettin simulacrum (IceCv)
  8 orc warriors
  4 ogres
  A black bear (Lair:5)
  4 boggarts
  15 wolves
  2 kobold brigands
  7 bullfrogs
  2 earth elementals
  A gnoll sergeant (D:10)
  4 wights (D:9)
  A lindwurm simulacrum (IceCv)
  2 naga zombies
  6 killer bees
  2 howler monkeys
  2 electric eels (Snake:2)
  A lava snake (Swamp:4)
  2 jellies
  An orc priest (D:11)
  9 orc wizards
  2 hell rats
  A statue (D:14)
  4 gnolls
  2 river rats (Lair:1)
  2 ufetubi (D:6)
  A dart slug (D:5)
  14 orcs
  A goblin (Bailey)
  A hobgoblin (Bailey)
  2 kobolds
  A rat (Lair:1)
  2 spectral weapons (Snake:4)
683 creatures vanquished.

Vanquished Creatures (others)
  A spectral hellephant (Depths:4)
  A deep elf elementalist (Elf:3)
  spectral Mlioglotl (Vaults:1)
  A spectral fenstrider witch (Swamp:3)
  A spectral human (Vaults:5)
  A fire dragon (Swamp:4)
  A deep elf high priest (Elf:1)
  A quicksilver dragon zombie (Vaults:5)
  A hydra (Swamp:2)
  A salamander tyrant (Snake:3)
  A naga warrior (Snake:3)
  A naga sharpshooter (Snake:3)
  2 titan zombies (Vaults:5)
  A spectral balrug (Hell)
  A deep elf knight (Elf:3)
  3 spectral orcs
  A spriggan rider (Swamp:2)
  A spectral blizzard demon (Hell)
  A swamp dragon (Swamp:4)
  2 tengu zombies
  6 ugly thing zombies
  A deep elf pyromancer (D:13)
  2 stone giant zombies (Vaults:5)
  3 alligator zombies
  A deep elf zephyrmancer (Elf:1)
  A goliath frog zombie (Swamp:3)
  An eleionoma zombie (Swamp:2)
  A fire giant zombie (Depths:1)
  A cyclops (D:7)
  A spectral skyshark (Lair:3)
  4 centaur zombies
  A rust devil (Hell)
  2 naga magi (Snake:4)
  A mana viper zombie (Snake:3)
  12 yaktaur zombies
  3 swamp worm zombies
  An unseen horror zombie (D:12)
  A komodo dragon (D:7)
  3 spectral sun demons (Hell)
  A death yak zombie (Lair:5)
  A yellow draconian zombie (Depths:4)
  A harpy zombie (Vaults:4)
  2 great orb of eyes zombies (Vaults:4)
  5 hydra zombies
  A spectral entropy weaver (D:15)
  4 bloated husks
  A culicivora zombie (Vaults:3)
  2 meliai zombies
  A sun moth zombie (D:13)
  A tarantella zombie (Vaults:3)
  2 fire dragon zombies
  8 black mamba zombies
  3 slime creature zombies (Vaults:4)
  A human (Swamp:2)
  A spectral rust devil (Hell)
  5 deep troll zombies
  A naga (Snake:2)
  A two-headed ogre zombie (D:15)
  2 cane toad zombies
  A spectral efreet (D:15)
  A swamp drake (Swamp:3)
  8 lindwurm zombies
  2 hornet zombies
  An orc warrior (Orc:2)
  28 human zombies
  38 elf zombies
  A blink frog zombie (Lair:3)
  A swamp dragon zombie (Swamp:4)
  4 salamander zombies
  A komodo dragon zombie (Lair:3)
  20 naga zombies
  2 cyclops zombies (D:15)
  7 water moccasin zombies
  6 yak zombies
  7 spriggan zombies
  A polar bear zombie (Lair:5)
  12 wolf zombies
  A black bear zombie (Lair:5)
  2 bullfrog zombies
  3 boggart zombies (Vaults:1)
  A hell rat (Hell)
  A scorpion zombie (D:7)
  6 ogre zombies
  An ice beast zombie (D:7)
  6 hell rat zombies
  36 orc zombies
  2 swamp drake zombies
  A spectral white imp (D:5)
  5 gnoll zombies
  3 river rat zombies (Lair:1)
  6 goblin zombies (Bailey)
  2 hobgoblin zombies (Bailey)
  A quokka zombie (D:5)
  A rat zombie (Lair:1)
  A spectral ufetubus (Vaults:1)
  A creeping inferno (Hell)
  A fire vortex (Hell)
  20 foxfires
  22 starspawn tentacles
378 creatures vanquished.

Grand Total: 2277 creatures vanquished

Notes
Turn   | Place    | Note
-------+----------+-------------------------------------------
     0 | D:1      | sdynet the Demonspawn Gladiator began the quest for the
                  | Orb.
     0 | D:1      | Reached XP level 1. HP: 16/16 MP: 1/1
   172 | D:1      | Gained mutation: You may rarely emit foul miasma when
                  | damaged in melee. [demonic ancestry]
   172 | D:1      | Reached XP level 2. HP: 23/23 MP: 2/2
   210 | D:1      | Found Sablaumagg's Armour Shop.
   681 | D:1      | Gained mutation: You are partially covered in sharp spines.
                  | [demonic ancestry]
   681 | D:1      | Reached XP level 3. HP: 14/29 MP: 3/3
   747 | D:2      | Reached skill level 1 in Stealth
   966 | D:2      | Gained mutation: You have a pair of small antennae on your
                  | head. [demonic ancestry]
   966 | D:2      | Reached XP level 4. HP: 20/37 MP: 4/4
  1555 | D:3      | Noticed Robin
  1588 | D:3      | Reached skill level 5 in Fighting
  1594 | D:3      | Reached XP level 5. HP: 36/44 MP: 5/5
  1913 | D:3      | Killed Robin
  2507 | D:4      | Found a transporter.
  2591 | D:4      | Noticed a phantom
  2600 | D:4      | Killed a phantom
  2601 | D:4      | Reached skill level 1 in Armour
  2601 | D:4      | Gained mutation: You have an unusually large brain. (Int
                  | +2) [demonic ancestry]
  2601 | D:4      | Reached XP level 6. HP: 41/52 MP: 6/6
  2745 | D:4      | Found a transporter.
  2802 | D:4      | Found a blossoming altar of Fedhas.
  2873 | D:4      | Noticed Agrajag's ghost (amateur MDEE)
  3126 | D:4      | Found a transporter.
  3146 | D:4      | Found a sparkling altar of Nemelex Xobeh.
  3254 | D:4      | Noticed an ice beast
  3263 | D:4      | Killed an ice beast
  3283 | D:4      | Reached XP level 7. HP: 52/58 MP: 7/7
  3392 | D:4      | Found a transporter.
  3563 | D:5      | Entered Level 5 of the Dungeon
  3716 | D:5      | Found a staircase to the Ecumenical Temple.
  3726 | Temple   | Entered the Ecumenical Temple
  3731 | Temple   | Became a worshipper of Yredelemnul the Fallen
  4041 | D:5      | Found a broken altar of Ashenzari.
  4050 | D:5      | Noticed Grinder
  4055 | D:5      | Paralysed by Grinder for 5 turns
  4067 | D:5      | Paralysed by Grinder for 4 turns
  4075 | D:5      | Paralysed by Grinder for 2 turns
  4122 | D:5      | Killed Grinder
  4123 | D:5      | Reached skill level 5 in Armour
  4310 | D:5      | Gained mutation: You have a pair of antennae on your head.
                  | [demonic ancestry]
  4310 | D:5      | Reached XP level 8. HP: 67/67 MP: 8/8
  4660 | D:6      | Noticed blister's ghost (novice OnWr)
  4968 | D:6      | Found a runed translucent gate.
  4968 | D:6      | Found a runed translucent gate.
  4968 | D:6      | Found a runed translucent gate.
  5472 | D:6      | Found a shadowy altar of Dithmenos.
  5908 | D:6      | Gained mutation: You have an extremely huge brain. (Int +4)
                  | [demonic ancestry]
  5908 | D:6      | Reached XP level 9. HP: 68/75 MP: 9/9
  5979 | D:6      | Killed blister's ghost
  6083 | D:7      | Noticed a komodo dragon
  6105 | D:7      | Noticed a cyclops
  6123 | D:7      | Noticed a gargoyle
  6227 | D:7      | Reached skill level 10 in Fighting
  6241 | D:7      | Gained mutation: You have a somewhat thin skeletal
                  | structure. (Dex +2, Stealth+) [potion of mutation]
  6241 | D:7      | Gained mutation: You sometimes lose your temper in combat.
                  | [potion of mutation]
  6241 | D:7      | Gained mutation: You are partially covered in large bone
                  | plates. (SH +4) [potion of mutation]
  6250 | D:7      | Killed a gargoyle
  6251 | D:7      | Found a flagged portal.
  6283 | Bailey   | Entered a bailey
  6415 | Bailey   | Reached * piety under Yredelemnul
  6470 | Bailey   | Noticed an orc knight
  6483 | Bailey   | Killed an orc knight
  6484 | Bailey   | Reached XP level 10. HP: 80/86 MP: 10/10
  6568 | Bailey   | Noticed an orc knight
  6590 | Bailey   | Killed an orc knight
  6792 | Bailey   | Reached ** piety under Yredelemnul
  6958 | Bailey   | Noticed an orc warlord
  6979 | Bailey   | Killed an orc warlord
  6980 | Bailey   | Reached skill level 10 in Armour
  6980 | Bailey   | Reached skill level 4 in Invocations
  6981 | Bailey   | Reached skill level 5 in Invocations
  6993 | Bailey   | Reached skill level 6 in Invocations
  7017 | Bailey   | Gained mutation: You are mostly covered in sharp spines.
                  | [demonic ancestry]
  7017 | Bailey   | Reached XP level 11. HP: 30/93 MP: 15/15
  7308 | D:7      | Found Elitzat's Assorted Antiques.
  7415 | D:7      | Got the Papyrus of Assaults and Nonlocality
  7598 | D:7      | Noticed Prince Ribbit
  7599 | D:7      | Noticed Menkaure
  7607 | D:7      | Killed Menkaure
  7610 | D:7      | Killed Prince Ribbit
  8018 | D:8      | Reached skill level 7 in Invocations
  8032 | D:8      | Noticed Maggie
  8033 | D:8      | Reached *** piety under Yredelemnul
  8039 | D:8      | Reached skill level 1 in Shields
  8042 | D:8      | Killed Maggie
  8405 | D:9      | Identified the +1 chain mail "Anwoub" {Will+ rCorr Str+2}
  8410 | D:9      | Found a sacrificial altar of Ru.
  8433 | D:9      | Noticed a soul eater
  8459 | D:9      | Reached XP level 12. HP: 100/100 MP: 14/17
  8612 | D:9      | Found Veebb's Antique Armour Shoppe.
  8731 | D:9      | Found a bloodstained altar of Trog.
  8773 | D:9      | Reached **** piety under Yredelemnul
  9086 | D:10     | Entered Level 10 of the Dungeon
  9086 | D:10     | Noticed Lodul
  9086 | D:10     | Found a staircase to the Lair.
  9090 | D:10     | Reached skill level 1 in Evocations
  9094 | D:10     | Killed Lodul
  9173 | D:10     | Noticed a two-headed ogre
  9180 | D:10     | Killed a two-headed ogre
  9236 | D:10     | Found an ancient bone altar of Kikubaaqudgha.
  9267 | D:10     | Found an ornate altar of the Wu Jian Council.
  9270 | D:10     | Noticed Harold
  9283 | D:10     | Killed Harold
  9325 | D:10     | Your ally Harold died
  9659 | D:11     | Identified the serpent talisman of the Game of Kings {Dex+3
                  | Slay+2}
  9736 | D:11     | Noticed a two-headed ogre
  9745 | D:11     | Killed a two-headed ogre
 10090 | D:11     | Found a staircase to the Orcish Mines.
 10661 | Lair:1   | Entered Level 1 of the Lair of Beasts
 10749 | Lair:1   | Noticed a boulder beetle
 10757 | Lair:1   | Killed a boulder beetle
 10883 | Lair:1   | Reached ***** piety under Yredelemnul
 11735 | Lair:2   | Reached skill level 5 in Shields
 11737 | Lair:2   | Reached XP level 13. HP: 109/109 MP: 18/18
 11763 | Lair:2   | Reached skill level 8 in Invocations
 12423 | Lair:3   | Reached skill level 10 in Axes
 12450 | Lair:3   | Found a staircase to the Snake Pit.
 12577 | Lair:3   | Reached skill level 9 in Invocations
 12821 | Lair:3   | Found a staircase to the Swamp.
 13682 | Lair:4   | Found a viscous altar of Jiyva.
 13683 | Lair:4   | Found a staircase to the Slime Pits.
 13814 | Lair:5   | Entered Level 5 of the Lair of Beasts
 13822 | Lair:5   | Reached skill level 10 in Invocations
 13921 | Lair:5   | Gained mutation: You have a pair of large antennae on your
                  | head. (SInv) [demonic ancestry]
 13921 | Lair:5   | Reached XP level 14. HP: 100/118 MP: 16/21
 14031 | Lair:5   | Reached skill level 11 in Invocations
 14052 | Lair:5   | Got an earthy gem with 248 turns to spare
 14686 | Orc:1    | Entered Level 1 of the Orcish Mines
 14686 | Orc:1    | Found Riydenk's Antique Weapon Boutique.
 14690 | Orc:1    | Noticed Josephine
 14701 | Orc:1    | Killed Josephine
 14874 | Orc:1    | Found a roughly hewn altar of Beogh.
 15154 | Orc:2    | Entered Level 2 of the Orcish Mines
 15249 | Orc:2    | Found a staircase to the Elven Halls.
 15306 | Orc:2    | Reached ****** piety under Yredelemnul
 15334 | Orc:2    | Noticed an orc warlord
 15361 | Orc:2    | Killed an orc warlord
 15369 | Orc:2    | Found a roughly hewn altar of Beogh.
 15403 | Orc:2    | Found Bisaoja's Book Shoppe.
 15707 | Orc:2    | Found Hoetal's General Store.
 15721 | Orc:2    | Found Nasuick's Antique Weapon Shoppe.
 15844 | Orc:2    | Found Ileak's Antique Armour Shoppe.
 16543 | D:12     | Reached skill level 12 in Invocations
 17100 | D:13     | Found a gate leading to a gauntlet.
 17101 | D:13     | Found a transporter.
 17101 | D:13     | Found a transporter.
 17104 | Gauntlet | Entered a Gauntlet
 17104 | Gauntlet | Found a transporter.
 17113 | Gauntlet | Found a transporter.
 17114 | Gauntlet | Found a transporter.
 17118 | Gauntlet | Found a transporter.
 17119 | Gauntlet | Found a transporter.
 17120 | Gauntlet | Found a transporter.
 17128 | Gauntlet | Found a transporter.
 17131 | Gauntlet | Found a transporter.
 17143 | Gauntlet | Found a large runed translucent door.
 17144 | Gauntlet | Found a large runed translucent door.
 17145 | Gauntlet | Found a large runed translucent door.
 17146 | Gauntlet | Found a runed translucent gate.
 17147 | Gauntlet | Found a transporter.
 17147 | Gauntlet | Found a runed translucent gate.
 17148 | Gauntlet | Found a runed translucent gate.
 17150 | Gauntlet | Found a large runed translucent door.
 17151 | Gauntlet | Found a large runed translucent door.
 17160 | Gauntlet | Found a large runed translucent door.
 17161 | Gauntlet | Found a large runed translucent door.
 17162 | Gauntlet | Found a large runed translucent door.
 17162 | Gauntlet | Found a large runed translucent door.
 17162 | Gauntlet | Found a runed translucent door.
 17162 | Gauntlet | Found a runed translucent door.
 17163 | Gauntlet | Found a large runed translucent door.
 17164 | Gauntlet | Found a large runed translucent door.
 17166 | Gauntlet | Found a transporter.
 17170 | Gauntlet | Found a transporter.
 17173 | Gauntlet | Found a large runed translucent door.
 17173 | Gauntlet | Found a large runed translucent door.
 17173 | Gauntlet | Found a large runed translucent door.
 17178 | Gauntlet | Found a transporter.
 17202 | Gauntlet | Found a large runed translucent door.
 17202 | Gauntlet | Found a large runed translucent door.
 17324 | Gauntlet | Gained mutation: You sometimes emit foul miasma when
                  | damaged in melee. [demonic ancestry]
 17324 | Gauntlet | Reached XP level 15. HP: 127/127 MP: 24/24
 17338 | Gauntlet | Reached XP level 16. HP: 134/134 MP: 25/25
 17339 | Gauntlet | Reached skill level 13 in Invocations
 17339 | Gauntlet | Gained mutation: You frequently emit foul miasma when
                  | damaged in melee. [demonic ancestry]
 17339 | Gauntlet | Reached XP level 17. HP: 140/140 MP: 26/26
 17382 | Gauntlet | Got the Catalogue of Abominable Rituals
 17453 | D:13     | Noticed Vaohelu's ghost (journeyman DjFE)
 17929 | D:13     | Found a gate to the Vaults.
 18057 | D:13     | Reached skill level 15 in Fighting
 18075 | D:13     | Killed Vaohelu's ghost
 18098 | D:13     | Gained mutation: You have an absolutely massive brain. (Int
                  | +6, Wiz) [demonic ancestry]
 18098 | D:13     | Reached XP level 18. HP: 149/149 MP: 20/28
 18253 | D:14     | Found a radiant altar of Vehumet.
 18569 | D:14     | Reached skill level 14 in Invocations
 18740 | D:15     | Entered Level 15 of the Dungeon
 18794 | D:15     | Found a staircase to the Depths.
 18873 | D:15     | Reached skill level 10 in Shields
 18924 | D:15     | Identified the +0 robe of Zin's Hope {Rampage *Slow Str+3
                  | Int+4}
 20043 | Swamp:1  | Entered Level 1 of the Swamp
 20043 | Swamp:1  | Noticed Roxanne
 20049 | Swamp:1  | Killed Roxanne
 20418 | Swamp:1  | Reached skill level 15 in Invocations
 20655 | Swamp:2  | Found a runed translucent door.
 20994 | Swamp:2  | Noticed Mlioglotl
 21029 | Swamp:3  | Gained mutation: You are completely covered in sharp
                  | spines. [demonic ancestry]
 21029 | Swamp:3  | Reached XP level 19. HP: 127/157 MP: 22/30
 21045 | Swamp:3  | Found a runed translucent gate.
 21045 | Swamp:3  | Found a runed translucent gate.
 21045 | Swamp:3  | Found a runed translucent gate.
 21049 | Swamp:3  | Noticed Zufifrir's ghost (journeyman MDFi)
 21049 | Swamp:3  | Noticed Zadaah's ghost (adept SpAE)
 21050 | Swamp:3  | Noticed Gehammu's ghost (journeyman KoBr)
 21054 | Swamp:3  | Noticed Reaq's ghost (adept DjHu)
 21568 | Swamp:2  | Killed Mlioglotl
 21568 | Swamp:2  | Bound Mlioglotl
 21732 | Swamp:4  | Entered Level 4 of the Swamp
 21907 | Swamp:4  | Reached skill level 16 in Invocations
 21925 | Swamp:4  | Reached skill level 15 in Armour
 21951 | Swamp:4  | Got a decaying rune of Zot
 22081 | Swamp:4  | Found a runed translucent door.
 22083 | Swamp:4  | Identified the +10 spear "Ywephiz" {antimagic, *Noise rElec
                  | rCorr}
 22085 | Swamp:4  | Noticed tlatlagkaus's ghost (journeyman DrAl)
 22452 | Swamp:4  | Killed tlatlagkaus's ghost
 22582 | Swamp:3  | Killed Zadaah's ghost
 22589 | Swamp:3  | Killed Zufifrir's ghost
 22593 | Swamp:3  | Killed Gehammu's ghost
 22593 | Swamp:3  | Killed Reaq's ghost
 22598 | Swamp:3  | Identified the ring "Xane" {rCorr Int+8 Dex-4}
 22772 | Snake:1  | Entered Level 1 of the Snake Pit
 24317 | Snake:2  | Reached skill level 17 in Invocations
 24466 | Snake:2  | Found Cakloqau's Jewellery Boutique.
 24487 | Snake:2  | Found Keug's Book Emporium.
 24488 | Snake:2  | Found Qiko's Jewellery Boutique.
 24508 | Snake:2  | Bought the ring "Woruf" {rElec rC+ rCorr Dex+6} for 751
                  | gold pieces
 24508 | Snake:2  | Bought the brooch of Shielding {Spirit SH+8} for 780 gold
                  | pieces
 24508 | Snake:2  | Found the brooch of Shielding {Spirit SH+8}
 24663 | Snake:2  | Reached XP level 20. HP: 168/168 MP: 32/32
 25279 | Snake:3  | Noticed Saint Roka
 25289 | Snake:3  | Killed Saint Roka
 25343 | Snake:3  | Noticed Vashnia
 25365 | Snake:3  | Killed Vashnia
 25614 | Snake:3  | Found a glacial archway.
 25625 | IceCv    | Entered an ice cave
 26580 | Snake:4  | Entered Level 4 of the Snake Pit
 26792 | Snake:4  | Reached skill level 15 in Axes
 26821 | Snake:4  | Reached skill level 18 in Invocations
 26822 | Snake:4  | Noticed Asterion
 26837 | Snake:4  | Killed Asterion
 26890 | Snake:4  | Got a serpentine rune of Zot
 27117 | Snake:4  | Found a shimmering blue altar of Sif Muna.
 27774 | Elf:1    | Entered Level 1 of the Elven Halls
 27809 | Elf:1    | Found a shimmering altar of Xom.
 28079 | Elf:1    | Identified the +2 robe of Sunlight {rElec rC+ Will+++
                  | Str-4}
 28408 | Elf:1    | Found a radiant altar of Vehumet.
 28979 | Elf:2    | Gained mutation: Your presence sometimes corrodes those you
                  | injure. [demonic ancestry]
 28979 | Elf:2    | Reached XP level 21. HP: 177/177 MP: 29/34
 29460 | Elf:2    | Identified the +7 falchion of Sulphur {flame, Int+7}
 29535 | Elf:2    | Found a runed translucent gate.
 29536 | Elf:2    | Found a runed translucent gate.
 29536 | Elf:2    | Found a runed translucent gate.
 29660 | Elf:2    | Reached skill level 19 in Invocations
 29662 | Elf:2    | Noticed Louise
 29668 | Elf:2    | Killed Louise
 30228 | Elf:3    | Entered Level 3 of the Elven Halls
 30357 | Elf:3    | Paralysed by an air elemental for 1 turns
 30997 | Elf:3    | Identified the ring of Zatsoazu {+Blink rPois rC- rN++
                  | Int+6}
 31007 | Elf:3    | Identified the +10 glaive of Ravage {protect, Str+6 Int+2
                  | Dex-4 Stlth-}
 31007 | Elf:3    | Identified the ring "Lupua" {rElec rPois rN+ Will- Dex+4}
 31254 | Elf:3    | Identified the ring "Orphuy" {rN+ Will+ Int+6}
 31266 | Elf:3    | Identified the staff of Golo Leu {rElec rPois rC+ rN++
                  | Stlth- Ice}
 31267 | Elf:3    | Identified the +10 flail "Leomeal" {freeze, Dex+7}
 31276 | Elf:3    | Got the Anthology of the Helpful Wayfarer
 31809 | Snake:2  | Bought the necklace of Bloodlust {Fury *Rage Will++ Int-3
                  | Slay+6} for 906 gold pieces
 31809 | Snake:2  | Found the necklace of Bloodlust {Fury *Rage Will++ Int-3
                  | Slay+6}
 32216 | Vaults:1 | Entered Level 1 of the Vaults
 32385 | Vaults:1 | Reached skill level 20 in Invocations
 32396 | Vaults:1 | Your ally Mlioglotl died
 32463 | Vaults:1 | Reached XP level 22. HP: 186/186 MP: 36/36
 32516 | Vaults:1 | Found a flickering gateway to a bazaar.
 32523 | Bazaar   | Entered a bazaar
 32529 | Bazaar   | Found Jeani's Antique Weapon Emporium.
 32530 | Bazaar   | Found Urchozxid's Antique Weapon Shoppe.
 32554 | Bazaar   | Found Jufor's Antique Armour Shoppe.
 32566 | Bazaar   | Found Ceclefuo's Antique Armour Emporium.
 32589 | Bazaar   | Bought a pair of embroidered gloves for 187 gold pieces
 33938 | Vaults:2 | Found a staircase to the Crypt.
 34996 | Vaults:3 | Reached skill level 15 in Shields
 35540 | Vaults:3 | Reached skill level 21 in Invocations
 36413 | Vaults:4 | Reached XP level 23. HP: 196/196 MP: 37/37
 36610 | Vaults:4 | Noticed Norris
 36623 | Vaults:4 | Killed Norris
 37606 | Vaults:5 | Entered Level 5 of the Vaults
 37642 | Vaults:5 | Reached skill level 22 in Invocations
 38004 | Vaults:5 | Got a silver rune of Zot
 38011 | Vaults:5 | Identified the +6 dagger of Reasonable Judgement
                  | {antimagic, Fly rElec Int-2 Dex-3}
 38167 | Vaults:5 | Gained mutation: Armour fits poorly on your strangely
                  | shaped body. [a shining eye]
 38183 | Vaults:5 | Identified the +5 battleaxe "Ogugoyrr" {holy, rF+ Str+3}
 38399 | Vaults:5 | Reached XP level 24. HP: 201/206 MP: 38/38
 38561 | Vaults:5 | Noticed a dread lich
 38570 | Vaults:5 | Killed a dread lich
 38786 | Vaults:5 | Identified the +6 flail of the Insatiable Knives {elec,
                  | ^Drain Int+5}
 38794 | Vaults:5 | Identified the staff "Jawkics" {rF+ rCorr Earth}
 38867 | Vaults:5 | Learned a level 1 spell: Apportation
 38870 | Vaults:5 | Learned a level 2 spell: Blink
 39529 | Depths:1 | Entered Level 1 of the Depths
 39619 | Depths:1 | Found a gateway to Hell.
 39664 | Depths:1 | Noticed Nikola
 39678 | Depths:1 | Killed Nikola
 39728 | Depths:1 | Identified the +10 dagger of Ippog {pain, rPois rN++ MP+9}
 39742 | Depths:1 | Found a one-way gateway to a ziggurat.
 40002 | Depths:1 | Found Tuus's Armour Boutique.
 40434 | Depths:1 | Reached skill level 23 in Invocations
 40530 | Depths:1 | Found Fadeo's Serpentskin Sales.
 40715 | Depths:2 | Found a one-way gate leading to the halls of Pandemonium.
 41279 | Depths:2 | Noticed a dread lich
 41294 | Depths:2 | Killed a dread lich
 41796 | Depths:3 | Found Laoro's Assorted Antiques.
 41803 | Depths:3 | Bought a potion of might for 132 gold pieces
 41912 | Depths:3 | Reached skill level 24 in Invocations
 42377 | Depths:3 | Found a corrupted altar of Lugonu.
 42377 | Depths:3 | Found a one-way gate to the infinite horrors of the Abyss.
 42609 | Depths:4 | Entered Level 4 of the Depths
 42745 | Depths:4 | Found a gate to the Realm of Zot.
 42771 | Depths:4 | Reached skill level 25 in Invocations
 43380 | Hell     | Entered the Vestibule of Hell
 43380 | Hell     | Noticed Geryon
 43402 | Hell     | Gained mutation: Your presence sometimes corrodes or
                  | deforms those you injure. [demonic ancestry]
 43402 | Hell     | Reached XP level 25. HP: 151/214 MP: 24/39
 43408 | Hell     | Reached skill level 26 in Invocations
 43411 | Hell     | Paralysed by a wendigo for 1 turns
 43417 | Hell     | Killed Geryon
 43417 | Hell     | Bound Geryon
 43427 | Hell     | HP: 7/321 [reaper/+4 antimagic scythe (19)]
 43428 | Hell     | Annihilated by a reaper

Illustrated notes

Levels and vault maps discovered:
D:1:      tarquinn_simple_flora_water_f, layout_basic, serial_shops,
          nicolae_shop_crystal, minmay_quantized
D:2:      layout_rooms
D:3:      layout_loops_cross, guppyfry_early_orc_mine, uniq_robin
D:4:      layout_basic, general_overflow_altar, elyvilon_altar_4,
          lemuel_crystal_altar, gammafunk_ghost_gnarly_gnolls
D:5:      layout_loops_cross, mainiacjoe_overflow_concentric_impassable,
          minmay_temple_entry_statues_fountains, minmay_manual_moon,
          uniq_grinder
D:6:      layout_basic, nicolae_dithmenos_the_darkroom, gammafunk_ghost_icy,
          due_unseen_surprise
D:7:      minmay_blocky_corners, layout_basic, enter_bailey_2, serial_shops,
          nicolae_shop_advertising_works [nicolae_subvault_shop_adworks],
          kennysheep_doodads, hangedman_decor_opposing,
          minmay_misc_feat_enclosed, kennysheep_generic_room_2,
          uniq_prince_ribbit1, uniq_menkaure
D:8:      layout_rooms, uniq_maggie
D:9:      layout_long_grid, mainiacjoe_overflow_paths, nicolae_ru_awakened_eye,
          serial_shops, shop
D:10:     layout_rooms, nicolae_overflow_hidden_temple,
          nicolae_wu_jian_wuxing_cycle, lair_entry_dummy, uniq_lodul,
          uniq_joseph, uniq_harold
D:11:     layout_long_grid, erik_orc_1
D:12:     layout_basic
D:13:     layout_long_grid, david_vaults_2, nzn_ghost_randoct,
          gauntlet_entry_generic
D:14:     layout_roguey, wad_floor_pattern_untrapped, vehumet_statue
D:15:     gammafunk_depths_entry_grave, layout_rooms,
          serial_library_hellmonk_filled_rooms, grunt_ministairs_15, minmay_bent
Temple:   nicolae_temple_ecumenical_triangle
Lair:1:   layout_roguey, kennysheep_abandoned_house
Lair:2:   layout_roguey
Lair:3:   layout_cave_shapes, mainiacjoe_swamp_entry_angry_trees,
          dummy_snake_entry
Lair:4:   layout_cave_pods, dpeg_slime_entry_corner, nicolae_lair_lil_pond,
          lemuel_fruit_tree, grunt_megastairs_2
Lair:5:   minmay_lair_end_enchanted_forest, layout_cave_shapes,
          grunt_megastairs_1
Swamp:1:  layout_basic_swamp, evilmike_swamp_ruin_house_3, uniq_roxanne
Swamp:2:  layout_basic_swamp, hangedman_swamp_ruin_wall, swamp_pool_1_2,
          nzn_swamp_weyward_sisters, uniq_mlioglotl
Swamp:3:  layout_falls_marsh, gammafunk_ghost_cemetery,
          nicolae_swamp_rocky_clearing
Swamp:4:  swamp_fiery, layout_basic_swamp, ebering_ghost_funeral_grove
Snake:1:  layout_grid_maze
Snake:2:  layout_layer_cave, serial_bayou, serial_bayou_ford_a,
          serial_bayou_pond_c, serial_bayou_pond_a, serial_bayou_lagoon_a,
          minmay_shop_grove
Snake:3:  layout_cave_town, portal_ice_cave_entry_ice_statue_one,
          uniq_saint_roka, uniq_vashnia
Snake:4:  snake_pit, layout_misc_corridors, serial_library,
          serial_library_regret_index_turning,
          serial_library_hellmonk_statue_hall,
          serial_library_regret_index_turning,
          serial_library_hellmonk_open_square, st_stairs_2, uniq_asterion
Orc:1:    layout_caves, serial_shops, shop, mines1_david, uniq_josephine
Orc:2:    grunt_orc_cross, layout_diamond_mine
Elf:1:    elf_arrival_001, layout_gridlike, basic_altar, guppyfry_elf_altar,
          due_unseen_surprise
Elf:2:    nicolae_elf_blades_crystal_corner, layout_geoelf_diagonals,
          serial_glass, glass_columns_a, glass_columns_a, glass_columns_a,
          glass_columns_a, glass_columns_b, glass_columns_a, glass_columns_c,
          glass_columns_a, st_stairs_13, uniq_louise
Elf:3:    minmay_elf_hall_statues, layout_gridlike, guppyfry_elf_castle
Vaults:1: nicolae_vaults_antechamber_and_loot_room, nicolae_vaults_network_star,
          vaults_mumra_minichess_inversion, hangedman_vaults_corner,
          hangedman_vaults_pinch, v_rooms_4, vaults_room_large_hall,
          v_alt_pattern_2, v_alt_pattern_1, v_alt_pattern_4,
          nicolae_vaults_house_3, vaults_room_door_ring,
          nicolae_vaults_layer_cake_slice, serial_ice_m, layout_vaults_maze,
          serial_shops, bzr_entry_dummy
Vaults:2: vaults_room_fancy_cross, nicolae_vaults_door_testing_chamber,
          vaults_standard_mumra_lines, v_misc_4, nicolae_vaults_sightless_eye,
          vaults_dpeg_encased_lava, vaults_dpeg_ring, dpeg_vaults_monster_box,
          minmay_crypt_entry_simple_box, layout_vaults_omnigrid
Vaults:3: nicolae_vaults_lightning_bolt, v_misc_14, hangedman_vaults_stagger,
          ontoclasm_vaults_idyll, nicolae_vaults_good_morning_starshine,
          nicolae_vaults_more_shelving_2, nicolae_vaults_border_crossing,
          nicolae_vaults_tetromino_Z_1, vaults_room_stairs_pillars,
          layout_vaults_big_cross
Vaults:4: ontoclasm_vaults_idyll, kb_rosetta,
          nicolae_vaults_trapezoid_lopsided_1, hangedman_vaults_stitches,
          nicolae_vaults_stepped_doors, v_misc_31, v_alt_pattern_3,
          nicolae_vaults_house_1, nicolae_vaults_mini_display_case,
          layout_vaults_chaotic_city, uniq_norris
Vaults:5
Depths:1: layout_gridlike, enter_ziggurat_e, grunt_hell_horde, serial_shops,
          shop, minmay_misc_feat_alley, minmay_misc_feat_rugged,
          hangedman_abyss_or_decor_lesser_grid,
          serial_library_hellmonk_open_square, dk_noncrumbling_2,
          guppyfry_shop_venom, uniq_nikola
Depths:2: hellmonk_paralyzer, layout_gridlike, pf_hell_entry_tar_river,
          rand_demon_pan_entry_5, roderic_serpentine_path,
          kennysheep_nondescript, item_on_display_b,
          minmay_staircase_windowed_large
Depths:3: nicolae_hitomezashi [nicolae_hito_row, nicolae_hito_row,
          nicolae_hito_row, nicolae_hito_row, nicolae_hito_row,
          nicolae_hito_row, nicolae_hito_row, nicolae_hito_row,
          nicolae_hito_row, nicolae_hito_row, nicolae_hito_row,
          nicolae_hito_row, nicolae_hito_row, nicolae_hito_row,
          nicolae_hito_row, nicolae_hito_row, nicolae_hito_row,
          nicolae_hito_row], layout_twisted_cross, serial_shops,
          nicolae_stop_n_shop_2, hell_entry, abyss_entry_flame_altar,
          grunt_pan_entry_in_and_out, kennysheep_path_1
Depths:4: grunt_x_marks_the_spot, layout_long_grid, hell_entry
Hell

Skill      XL: |  1  2  3  4  5  6  7  8  9 10 11 12 13 14 15 16 17 18 19 20 21 22 23 24 25 |
---------------+----------------------------------------------------------------------------+-----
Fighting       | 3 4 5 6 7 8 10 11 12 13 14 15 16 17 18 19 20 21 | 21.0
Stealth        | 1 3 |  3.0
Armour         | 1 4 5 7 9 10 11 12 13 14 15 16 17 18 19 | 19.5
Invocations    | 6 7 10 12 13 15 17 18 20 21 22 25 26 | 26.4
Axes           | 8 9 10 11 12 13 14 15 16 17 18 | 18.0
Shields        | 1 5 6 8 9 10 12 13 14 15 16 17 | 17.2
Evocations     | 1 |  1.0
Dodging        | 3 4 |  4.0
Throwing       | |  1.7
Unarmed Combat | |  2.6

Action                     |  1- 3 |  4- 6 |  7- 9 | 10-12 | 13-15 | 16-18 | 19-21 | 22-24 | 25-27 || total
---------------------------+-------+-------+-------+-------+-------+-------+-------+-------+-------++-------
  Melee: Unarmed           |    76 |    29 |    71 |    21 |       |       |       |       |       ||   197
         Punch             |     1 |       |     2 |       |       |       |       |       |       ||     3
         Dagger            |       |    85 |   110 |    74 |       |       |       |       |       ||   269
         Staff             |       |       |     1 |       |       |       |       |       |       ||     1
         Hand axe          |       |       |       |   224 |   448 |   191 |       |       |       ||   863
         Executioner's axe |       |       |       |    25 |       |       |       |       |       ||    25
         War axe           |       |       |       |       |       |   126 |   696 |       |       ||   822
         Broad axe         |       |       |       |       |       |       |    39 |   832 |    23 ||   894
  Throw: Dart              |     4 |       |    27 |     7 |     2 |     3 |     2 |       |       ||    45
         Throwing net      |       |       |     1 |       |       |       |       |     1 |       ||     2
         Javelin           |       |       |     1 |       |       |       |       |       |       ||     1
 Invoke: Light the Black T |       |       |     3 |     7 |     6 |     7 |    10 |     9 |       ||    42
         Hurl Torchlight   |       |       |       |    10 |    14 |    17 |    17 |     9 |       ||    67
         Recall Undead Har |       |       |       |     8 |    10 |    19 |    13 |     5 |       ||    55
         Bind Soul         |       |       |       |       |     4 |     2 |     1 |     4 |       ||    11
         Fathomless Shackl |       |       |       |       |     2 |     1 |     3 |     1 |       ||     7
  Evoke: Wand              |       |       |    10 |       |     9 |     7 |     9 |     1 |       ||    36
         Condenser vane    |       |       |       |     1 |     1 |     1 |     3 |     3 |       ||     9
         Phial of floods   |       |       |       |       |       |       |     1 |     1 |       ||     2
         Phantom mirror    |       |       |       |       |       |       |       |     1 |       ||     1
    Use: Scroll            |       |     6 |     7 |     6 |     6 |     6 |    20 |     7 |       ||    58
         Potion            |       |     1 |     7 |     5 |     3 |     3 |    11 |     7 |       ||    37
   Stab: Sleeping          |     1 |     2 |       |       |       |       |    11 |    40 |       ||    54
         Distracted        |       |       |       |     4 |     8 |    14 |    28 |    32 |       ||    86
         Petrifying        |       |       |       |       |     1 |       |       |       |       ||     1
         Petrified         |       |       |       |       |     1 |       |       |       |       ||     1
         Confused          |       |       |       |       |     2 |       |       |     3 |       ||     5
         Fleeing           |       |       |       |       |       |       |    26 |     7 |       ||    33
         Paralysed         |       |       |       |       |       |       |     2 |       |       ||     2
         Held in net/web   |       |       |       |       |       |       |       |     2 |       ||     2
 Armour: Leather armour    |    43 |    32 |       |       |       |       |       |       |       ||    75
         Scale mail        |       |    19 |    95 |       |       |       |       |       |       ||   114
         Chain mail        |       |       |    12 |   134 |   180 |   277 |   140 |       |       ||   743
         Swamp dragon scal |       |       |       |       |       |       |   297 |       |       ||   297
         Troll leather arm |       |       |       |       |       |       |    11 |   394 |    40 ||   445
  Dodge: Dodged            |    34 |    45 |    67 |    74 |    71 |    63 |   152 |   178 |    17 ||   701
  Block: Other             |       |     4 |    37 |    43 |       |       |       |       |       ||    84
         Reflection        |       |       |     3 |    11 |       |       |       |       |       ||    14
         Tower shield      |       |       |       |   300 |   483 |   482 |  1173 |  1191 |    59 ||  3688

Table legend: (Time is in decaauts)
 A = Elapsed time spent in this place.
 B = Non-inter-level travel time spent in this place.
 C = Inter-level travel time spent in this place.
 D = Time resting spent in this place.
 E = Time spent auto-exploring this place.
 F = Levels seen in this place.
 G = Mean time per level.
                   A        B        C        D        E       F      G
               +--------+--------+--------+--------+--------+-----+--------+
         Total |  45522 |  40613 |   4909 |   1598 |  24521 |  48 |  948.4 |
       Dungeon |  14178 |  12155 |   2023 |    282 |   8573 |  15 |  945.2 |
        Temple |     10 |     10 |      0 |      0 |      0 |   1 |   10.0 |
          Lair |   4420 |   3936 |    484 |     40 |   2585 |   5 |  884.0 |
         Swamp |   2979 |   2727 |    252 |      0 |   1592 |   4 |  744.8 |
     Snake Pit |   4663 |   4168 |    495 |      0 |   2573 |   4 | 1165.8 |
  Orcish Mines |   1482 |   1181 |    301 |      0 |    762 |   2 |  741.0 |
   Elven Halls |   3957 |   3689 |    268 |      5 |   2094 |   3 | 1319.0 |
        Vaults |   7837 |   7079 |    758 |    706 |   3706 |   5 | 1567.4 |
        Depths |   4193 |   3868 |    325 |    122 |   2267 |   4 | 1048.2 |
          Hell |     35 |     35 |      0 |      0 |      0 |   1 |   35.0 |
        Bazaar |     88 |     88 |      0 |      0 |     48 |   1 |   88.0 |
        Bailey |    844 |    844 |      0 |    321 |    115 |   1 |  844.0 |
      Ice Cave |    537 |    537 |      0 |    121 |     70 |   1 |  537.0 |
      Gauntlet |    292 |    292 |      0 |      0 |    132 |   1 |  292.0 |
               +--------+--------+--------+--------+--------+-----+--------+

Top non-repeatable levels by time:
Vaults:5: 1719 daAuts
Vaults:3: 1692 daAuts
 Snake:2: 1684 daAuts
Vaults:4: 1619 daAuts
     D:6: 1548 daAuts
    D:11: 1495 daAuts
Vaults:2: 1416 daAuts
   Elf:2: 1393 daAuts
Vaults:1: 1390 daAuts
  Lair:1: 1376 daAuts
   Elf:3: 1294 daAuts
   Elf:1: 1269 daAuts
Depths:2: 1264 daAuts
Depths:1: 1202 daAuts
     D:3: 1171 daAuts
